 Dungeon Crawl Stone Soup version 0.29-a0-885-gb26ba3297d (webtiles) character file.

Game seed: 12457970642910722238

90 jimonade the Sneak (level 4, -1/26 HPs)
             Began as a Vampire Brigand on July 21, 2022.
             Slain by a hobgoblin (3 damage)
             ... on level 3 of the Dungeon.
             The game lasted 00:02:59 (2388 turns).

jimonade the Sneak (Vampire Brigand)                Turns: 2388, Time: 00:02:59

Health: -1/26      AC:  4    Str: 10    XL:     4   Next: 32%
Magic:  4/4        EV: 11    Int: 13    God:
Gold:   91         SH:  0    Dex: 17    Spells: 3/3 levels left

rFire   . . .      SeeInvis +   a - +2 dagger
rCold   + + .      Faith    .   (no shield)
rNeg    + + +      Spirit   .   g - +0 leather armour
rPois   ∞          Reflect  .   (no helmet)
rElec   .          Harm     .   c - +0 cloak
rCorr   .          Rampage  .   (no gloves)
Will    .....                   (no boots)
Stlth   ++++++....              (no amulet)
HPRegen 0.00/turn               (no ring)
MPRegen 0.09/turn               (no ring)

@: bloodless, inhibited regen
A: bloodless, fangs 3, see invisible, vampiric 2
a: Bat Form, Revivify


You were on level 3 of the Dungeon.
You visited 1 branch of the dungeon, and saw 3 of its levels.

You collected 91 gold pieces.

Inventory:

Hand Weapons
 a - a +2 dagger (weapon)
 u - a +0 sling
Missiles
 d - 9 poisoned darts (quivered)
 e - 3 curare-tipped darts
Armour
 b - a +0 robe
 c - a +0 cloak (worn)
 g - a +0 leather armour (worn)
Magical Staves
 l - a staff of poison
Scrolls
 f - a scroll of identify {unknown}
 h - a scroll of torment {unknown}
 k - a scroll of enchant armour {unknown}
 m - a scroll of noise {unknown}
 n - a scroll of fear {unknown}
 o - a scroll of amnesia {unknown}
 s - a scroll of teleportation {unknown}
Potions
 i - a potion of heal wounds {unknown}
 j - a potion of might {unknown}
 p - 2 potions of attraction {unknown}
 q - 2 potions of magic {unknown}
 r - a potion of flight {unknown}
 t - a potion of brilliance {unknown}
 v - 2 potions of berserk rage {unknown}


   Skills:
 + Level 2.0 Fighting
 + Level 2.8 Short Blades
 - Level 1.5 Throwing
 + Level 0.7 Armour
 + Level 1.4 Dodging
 * Level 7.8 Stealth


You had 3 spell levels left.
You didn't know any spells.
Your spell library was empty.

Dungeon Overview and Level Annotations

Branches:
Dungeon (3/15)

Altars:

Shops:
D:1 (


Innate Abilities, Weirdness & Mutations

You do not regenerate when monsters are visible.
You are frail without blood (-20% HP).
You can heal yourself when you bite living creatures.
You are immune to poison.
You have razor-sharp teeth.
You have supernaturally acute eyesight. (SInv)
You are afflicted with vampirism and can become a bat while bloodless.


Message History

The orc hits you but does no damage.
The hobgoblin shouts!
You hit the orc but do no damage. You bite the orc.
You draw the orc's blood!
You feel better.
The orc is heavily wounded.
The orc hits you with a +0 whip.
* * * LOW HITPOINT WARNING * * *
You hit the orc but do no damage.
The orc is heavily wounded.
The orc completely misses you.
You hit the orc.
You kill the orc!
The endoplasm freezes you.
You are frozen.
You resist.
Things that are here:
a +0 whip; a +0 chain mail; an orc corpse You hit the endoplasm.
The endoplasm is heavily wounded.
The endoplasm freezes you.
You are frozen.
You resist.
You hit the endoplasm.
You kill the endoplasm!
You closely miss the kobold. The kobold hits you with a +0 club.
* * * LOW HITPOINT WARNING * * *
You hit the kobold.
The kobold is severely wounded.
The kobold drinks a potion.
The kobold is healed!
You hit the kobold but do no damage. The kobold hits you with a +0 club.
* * * LOW HITPOINT WARNING * * *
You hit the kobold but do no damage. Your bite misses the kobold.
The kobold hits you but does no damage.
You barely miss the kobold. The kobold barely misses you.
You hit the kobold.
You kill the kobold!
You hit the hobgoblin.
The hobgoblin is heavily wounded.
You hit the hobgoblin.
The hobgoblin is almost dead.
The hobgoblin hits you.
You die...

........#.# ..##....#.#
..........## ...........###
.........#...# ...........J.#
.............##
..............######
............#..g@..##+## ...
............######.....#####....
.......................#........
.S....................#......(.
...............................
..............................
.............................
..................#.....##...
..................##......#..


You could see a hobgoblin.

Vanquished Creatures
  3 adders
  A worm (D:2)
  An orc (D:3)
  7 endoplasms
  2 giant cockroaches
  7 goblins
  2 hobgoblins
  5 jackals
  4 quokkas
  10 ball pythons
  2 frilled lizards
  3 kobolds
  4 rats
51 creatures vanquished.

Notes
Turn   | Place    | Note
-------+----------+-------------------------------------------
     0 | D:1      | jimonade the Vampire Brigand began the quest for the Orb.
     0 | D:1      | Reached XP level 1. HP: 16/16 MP: 1/1
    26 | D:1      | Reached skill level 6 in Stealth
    43 | D:1      | Reached XP level 2. HP: 14/22 MP: 2/2
   153 | D:1      | Found Obim's Weapon Boutique.
   588 | D:1      | Reached skill level 7 in Stealth
   795 | D:2      | Gained mutation: You are afflicted with vampirism and can
                  | become a bat while bloodless. [Vampire growth]
   795 | D:2      | Reached XP level 3. HP: 11/21 MP: 3/3
  1423 | D:2      | Found a faded altar of an unknown god.
  2099 | D:3      | Reached XP level 4. HP: 26/26 MP: 4/4
  2388 | D:3      | Slain by a hobgoblin

Illustrated notes

Levels and vault maps discovered:
D:1:      evilmike_arrival_plus, layout_loops_cross, serial_shops,
          nicolae_square_shop
D:2:      mumra_celtic_spiral_tile, layout_basic,
          chequers_ecumenical_altar_simple_redux, minmay_misc_feat_five,
          minmay_pentomino_w4
D:3:      minmay_bubble_buster, layout_basic, ebering_ghost_disaster_area

Skill      XL: |  1  2  3 |
---------------+----------+-----
Stealth        | 6 7 |  7.8
Fighting       | 2 |  2.0
Short Blades   | |  2.8
Throwing       | |  1.5
Armour         | |  0.7
Dodging        | |  1.4

Action                   |  1- 3 |  4- 6 || total
-------------------------+-------+-------++-------
Melee: Dagger            |   102 |    62 ||   164
       Bite              |    10 |     2 ||    12
 Abil: Exsanguinate      |     1 |       ||     1
 Stab: Sleeping          |     9 |       ||     9
Armor: Robe              |     4 |       ||     4
       Leather armour    |    10 |    15 ||    25
Dodge: Dodged            |    38 |    24 ||    62

Table legend: (Time is in decaauts)
 A = Elapsed time spent in this place.
 B = Non-inter-level travel time spent in this place.
 C = Inter-level travel time spent in this place.
 D = Time resting spent in this place.
 E = Time spent auto-exploring this place.
 F = Levels seen in this place.
 G = Mean time per level.
                   A        B        C        D        E       F      G
               +--------+--------+--------+--------+--------+-----+--------+
         Total |   2366 |   2303 |     63 |      0 |   1936 |   3 |  788.7 |
       Dungeon |   2366 |   2303 |     63 |      0 |   1936 |   3 |  788.7 |
               +--------+--------+--------+--------+--------+-----+--------+

Top non-repeatable levels by time:
     D:2: 1304 daAuts
     D:1: 778 daAuts
     D:3: 283 daAuts
